 Dungeon Sprint DCSS version 0.30-a0-137-gd8773701ce (webtiles) character file.

Game seed: 5515644906539355214

6 BigDaddyOpFi the Trooper (level 1, -1/20 HPs)
             Began as a Hill Orc Fighter on Sept 22, 2022.
             Was an Initiate of Beogh.
             Slain by a centaur (3 damage)
             ... in the Dungeon (Sprint IX: "|||||||||||||||||||||||||||||").
             The game lasted 00:00:36 (64 turns).

BigDaddyOpFi the Trooper (Hill Orc Fighter)           Turns: 64, Time: 00:00:36

Health: -1/20      AC:  7    Str: 18    XL:     1   Next: 90%
Magic:  1/1        EV:  9    Int:  8    God:    Beogh [......]
Gold:   0          SH:  4    Dex: 10    Spells: 0/0 levels left

rFire   . . .      SeeInvis .    a - +0 war axe
rCold   . . .      Faith    .    c - +0 buckler
rNeg    . . .      Spirit   .    b - +0 scale mail
rPois   .          Reflect  .    (no helmet)
rElec   .          Harm     .    (no cloak)
rCorr   .          Rampage  .    (no gloves)
Will    .....      NoTele   +    (no boots)
Stlth   ..........               (no amulet)
HPRegen 0.06/turn                (no ring)
MPRegen 0.07/turn                (no ring)

@: mighty
A: no striking features
a: Renounce Religion


You were in the Dungeon.
You worshipped Beogh.
Beogh was noncommittal.
You visited 1 branch

Inventory:

Hand Weapons
 a - a +0 war axe (weapon)
Armour
 b - a +0 scale mail (worn)
 c - a +0 buckler (worn)
Scrolls
 j - a scroll of blinking
Potions
 g - a potion of haste
 h - 2 potions of magic
 i - a potion of berserk rage


   Skills:
 + Level 4.3 Fighting
 + Level 3.1 Axes
 + Level 4.0 Armour
 + Level 3.9 Shields


You couldn't memorise any spells.
You didn't know any spells.
Your spell library was empty.

Dungeon Overview and Level Annotations

Branches:
Dungeon (1/1)

Altars:


Message History

The orc priest barely misses the hound.
Unknown command.
The hound barely misses the orc priest. x2; The orc priest misses the hound.
Unknown command.
The hound bites the orc priest.
The orc priest hits the hound with a +0 club.
The hound bites the orc priest but does no damage.
The hound bites the orc priest.
The orc priest barely misses the hound.
Unknown command.
The hound bites the orc priest but does no damage.
The orc priest hits the hound with a +0 club.
The hound bites the orc priest but does no damage. x2
The orc priest completely misses the hound.
The hound bites the orc priest but does no damage.
The orc priest barely misses the hound.
Unknown command.
The hound barely misses the orc priest. x2
The orc priest hits the hound with a +0 club.
The hound bites the orc priest.
The orc priest hits the hound with a +0 club.
The hound dies!
Unknown command.
The centaur wields a +0 shortbow.
The centaur shoots an arrow.
The arrow hits the orc priest!
The orc priest dies!
The centaur shoots an arrow.
The arrow hits you.
Unknown command.
The centaur shoots an arrow.
The arrow closely misses you.
You feel much better.
The centaur shoots an arrow.
The arrow hits you.
The centaur shoots an arrow.
The arrow hits you.
The centaur shoots an arrow.
The arrow hits you!
* * * LOW HITPOINT WARNING * * *
You feel very mighty all of a sudden.
The centaur shoots an arrow.
The arrow hits you.
* * * LOW HITPOINT WARNING * * *
You feel better.
The centaur unwields a +0 shortbow.
The centaur hits you.
* * * LOW HITPOINT WARNING * * *
The centaur kicks you but does no damage.
You closely miss the centaur. The centaur hits you.
You die...

▓▓▓
▓<▓
▓.▓
▓.▓
▓.▓
▓)▓
▓.▓
▓.▓
▓@▓
▓c▓
▓n▓
▓'▓
▓†▓
▓.▓
▓.▓
▓.▓
▓.▓


You could see a necrophage and a centaur.

Vanquished Creatures
  A dart slug (D)
  A quokka (D)
  A frilled lizard (D)
  A goblin (D)
  A rat (D)
5 creatures vanquished.

Vanquished Creatures (others)
  A scorpion (D)
  A hound (D)
  An orc priest (D)
3 creatures vanquished.

Grand Total: 8 creatures vanquished

Notes
Turn   | Place    | Note
-------+----------+-------------------------------------------
     0 | D        | BigDaddyOpFi the Hill Orc Fighter began the quest for the
                  | Orb.
     0 | D        | Reached XP level 1. HP: 19/19 MP: 1/1
    32 | D        | Noticed an orc priest
    32 | D        | Noticed a scorpion
    32 | D        | Noticed a hound
    32 | D        | Noticed a centaur
    32 | D        | Noticed a necrophage
    33 | D        | Became a worshipper of Beogh the Brigand
    46 | D        | Killed a scorpion
    55 | D        | Killed a hound
    57 | D        | Killed an orc priest
    62 | D        | HP: 1/20 [centaur/arrow (4)]
    64 | D        | Slain by a centaur

Illustrated notes

Levels and vault maps discovered:
D:        linesprint [early_d, line_temple, items_1, d_10, items_2, lair_1,
          lair_end, items_3, orc_1, orc_end, items_4, d_15, swamp_1, shoals_1,
          snake_1, spider_1, d_20, vaults_1, items_5, swamp_end, shoals_end,
          snake_end, spider_end, vaults_end, d_27, items_6, zot_1, zot_end,
          crypt_end, forest_end, elf_end, slime_end, tomb_end, abyss_end,
          pan_hell_end]

Skill      XL: |  1 |
---------------+----+-----
Fighting       | 4 |  4.3
Axes           | 3 |  3.1
Armour         | 4 |  4.0
Shields        | |  3.9

Action                   || total
-------------------------++-------
Melee: War axe           ||    23
Invok: Convert to Beogh  ||     1
  Use: Potion            ||     3
Armor: Scale mail        ||     9
Dodge: Dodged            ||    11
Block: Buckler           ||     3

Table legend: (Time is in decaauts)
 A = Elapsed time spent in this place.
 B = Non-inter-level travel time spent in this place.
 C = Inter-level travel time spent in this place.
 D = Time resting spent in this place.
 E = Time spent auto-exploring this place.
 F = Levels seen in this place.
 G = Mean time per level.
                   A        B        C        D        E       F      G
               +--------+--------+--------+--------+--------+-----+--------+
         Total |     73 |     73 |      0 |      0 |      0 |   1 |   73.0 |
       Dungeon |     73 |     73 |      0 |      0 |      0 |   1 |   73.0 |
               +--------+--------+--------+--------+--------+-----+--------+

Top non-repeatable levels by time:
       D: 73 daAuts
